 Dungeon Crawl Stone Soup version 0.26.1-11-gd32895ea62 (webtiles) character file.

Game seed: 14683566485594732723

198 bnorton916 the Skirmisher (level 5, -1/47 HPs)
             Began as a Minotaur Berserker on July 10, 2021.
             Was a Priest of Trog.
             Slain by Rallik's ghost (15 damage)
             ... on level 4 of the Dungeon.
             The game lasted 00:03:42 (3103 turns).

bnorton916 the Skirmisher (Minotaur Berserker)      Turns: 3103, Time: 00:03:43

Health: -1/47      AC:  3    Str: 23    XL:     5   Next: 47%
Magic:  4/4        EV: 13    Int:  0    God:    Trog [***...]
Gold:   155        SH:  0    Dex:  9    Spells: 4/4 levels left

rFire    . . .     SeeInvis .   a - +0 hand axe
rCold    . . .     Faith    .   (no shield)
rNeg     . . .     Spirit   .   b - +0 animal skin
rPois    .         Reflect  .   (helmet restricted)
rElec    .         Harm     .   e - +0 cloak
rCorr    .         Rampage  .   (no gloves)
Will     .....                  (no boots)
Stlth    +.........             (no amulet)
HPRegen  0.15/turn              i - +4 ring of slaying
MPRegen  0.09/turn              k - -4 ring of intelligence (curse)

@: brilliant, berserk cooldown, slowed, lost intelligence, very slow
A: retaliatory headbutt, horns 2
a: Renounce Religion, Berserk, Trog's Hand


You were on level 4 of the Dungeon.
You worshipped Trog.
Trog was most pleased with you.
You visited 1 branch of the dungeon, and saw 4 of its levels.

You collected 155 gold pieces.

Inventory:

Hand Weapons
 a - a +0 hand axe (weapon)
Armour
 b - a +0 animal skin (worn)
 e - a +0 cloak (worn)
Jewellery
 i - a +4 ring of slaying (left hand)
 k - a cursed -4 ring of intelligence (right hand)
 o - a +4 ring of evasion {unknown}
 r - a +4 ring of slaying
Scrolls
 c - a scroll of amnesia {unknown}
 h - 2 scrolls of blinking {unknown}
 j - 2 scrolls of enchant armour {unknown}
 l - a scroll of identify {unknown}
 m - a scroll of remove curse {unknown}
 n - a scroll of fog {unknown}
Potions
 d - a potion of lignification {unknown}
 f - a potion of haste {unknown}
 g - a potion of heal wounds
 s - a potion of flight {unknown}


   Skills:
 + Level 4.9 Fighting
 + Level 4.8 Axes
 + Level 4.0 Armour
 + Level 3.7 Dodging


You had 4 spell levels left.
You didn't know any spells.
Your spell library was empty.

Dungeon Overview and Level Annotations

Branches:
Dungeon (4/15)
 Temple: D:4-7

Altars:
Dithmenos
Trog
Yredelemnul

Annotations:
D:4 1 runed translucent door, Rallik's ghost, novice GrFi


Innate Abilities, Weirdness & Mutations

You reflexively headbutt those who attack you in melee.
You have a pair of horns on your head.


Message History

Rallik's ghost misses you. You furiously retaliate!
You headbutt Rallik's ghost.
Rallik's ghost says, "You will never get the ORB!"
Rallik's ghost hits you.
* * * LOW HITPOINT WARNING * * *
Rallik's ghost barely misses you. Rallik's ghost barely misses you.
There is an open translucent door, spattered with blood here.
You see here a worm corpse.
Rallik's ghost keens inconsolably.
It was a potion of heal wounds.
You feel much better. Rallik's ghost hits you!
* * * LOW HITPOINT WARNING * * *
Rallik's ghost hits you!
* * * LOW HITPOINT WARNING * * *
It was a potion of brilliance.
You feel clever all of a sudden. Rallik's ghost misses you.
You furiously retaliate!
You headbutt Rallik's ghost!
It was a potion of curing.
You feel better. Rallik's ghost hits you!
You die...

##. #.##.#≈≈≈# .♣
#.##.#≈≈≈# .#
#.#..#≈$≈#
#....#≈≈≈#
#....#≈≈≈#
#....#≈≈≈#
##....#≈≈≈# #
###.....##W##..#
#.........@†..#
#...............#
......#..........##
....####.........#
..## #........## .
#.......##
#......## #....###


You could see Rallik's ghost.

Vanquished Creatures
  A howler monkey zombie (D:2)
  7 adders
  9 worms
  6 dart slugs
  4 orcs (D:3)
  2 ball pythons (D:4)
  A giant cockroach (D:1)
  3 goblins
  9 hobgoblins
  5 jackals
  3 quokkas
  7 bats
  6 frilled lizards
  9 kobolds
  15 rats
87 creatures vanquished.

Notes
Turn   | Place    | Note
-------+----------+-------------------------------------------
     0 | D:1      | bnorton916 the Minotaur Berserker began the quest for the
                  | Orb.
     0 | D:1      | Reached XP level 1. HP: 19/19 MP: 0/0
   148 | D:1      | Reached XP level 2. HP: 27/27 MP: 1/1
   550 | D:1      | Reached ** piety under Trog
   552 | D:1      | Reached XP level 3. HP: 21/33 MP: 2/2
  1175 | D:2      | Lost intelligence.
  1204 | D:2      | Reached XP level 4. HP: 38/41 MP: 3/3
  1352 | D:2      | Noticed a moth of wrath
  1355 | D:2      | Found a bloodstained altar of Trog.
  2300 | D:3      | Found a basalt altar of Yredelemnul.
  2337 | D:3      | Reached XP level 5. HP: 46/47 MP: 4/4
  2584 | D:3      | Reached *** piety under Trog
  2943 | D:3      | Found a shadowy altar of Dithmenos.
  3042 | D:4      | Found a runed translucent door.
  3046 | D:4      | Noticed Rallik's ghost (novice GrFi)
  3070 | D:4      | Found a runed translucent door.
  3097 | D:4      | HP: 2/47 [Rallik's ghost (4)]
  3103 | D:4      | Slain by Rallik's ghost

Illustrated notes

Levels and vault maps discovered:
D:1:      dpeg_chamrin_arrival_tetris, layout_loops_ring
D:2:      layout_loops_ring, tgw_trog, grunt_ministairs_15
D:3:      layout_loops_ring, lemuel_coloured_pillars_altar,
          yredelemnul_altar_generic
D:4:      layout_cave_pods, marbit_many_paths, ebering_ghost_sewer_f,
          serial_forest, infiniplex_forest_zigzag_1,
          infiniplex_forest_clump_long, infiniplex_forest_zigzag_1,
          infiniplex_forest_clump_C, infiniplex_forest_lined_3,
          infiniplex_forest_end_2, infiniplex_forest_pool

Skill      XL: |  1  2  3  4  5 |
---------------+----------------+-----
Fighting       | 4 |  4.9
Axes           | 4 |  4.8
Armour         | 3 4 |  4.0
Dodging        | 3 |  3.7

Action                   |  1- 3 |  4- 6 || total
-------------------------+-------+-------++-------
Melee: Hand axe          |    54 |    87 ||   141
       Headbutt          |    10 |    12 ||    22
Invok: Berserk           |     1 |     2 ||     3
  Use: Potion            |       |     3 ||     3
 Stab: Sleeping          |     1 |       ||     1
Armor: Animal skin       |     9 |    23 ||    32
Dodge: Dodged            |    38 |    83 ||   121
